 Dungeon Crawl Stone Soup version 0.23.2-40-g277498a001 (webtiles) character file.

Game seed: 442269203033908189

744 pipboyy the Skirmisher (level 7, -2/61 HPs)
             Began as a Minotaur Berserker on Sept 28, 2019.
             Was a Priest of Trog.
             Slain by a two-headed ogre
             ... wielding a +0 giant spiked club
              (17 damage)
             ... on level 6 of the Dungeon.
             The game lasted 00:30:47 (4434 turns).

pipboyy the Skirmisher (Minotaur Berserker)         Turns: 4434, Time: 00:30:48

Health: -2/61      AC:  5    Str: 23    XL:     7   Next: 47%
Magic:  6/6        EV: 13    Int:  4    God:    Trog [***...]
Gold:   163        SH:  0    Dex: 12    Spells: 6/6 levels left

rFire    . . .     SeeInvis .   e - +2 hand axe (venom)
rCold    . . .     Gourm    .   (no shield)
rNeg     . . .     Faith    .   f - +0 ring mail
rPois    .         Spirit   .   (helmet restricted)
rElec    .         Reflect  .   (no cloak)
rCorr    .         Harm     .   (no gloves)
MR       +++..                  (no boots)
Stlth    ++........             s - amulet of the acrobat
HPRegen  1.20/turn              (no ring)
MPRegen  0.10/turn              (no ring)

@: regenerating
A: retaliatory headbutt, horns 2, thin skeletal structure 1, magic resistance 1,
evolution 1
a: Berserk, Trog's Hand, Renounce Religion


You were on level 6 of the Dungeon.
You worshipped Trog.
Trog was most pleased with you.
You were hungry.

You visited 2 branches of the dungeon, and saw 7 of its levels.

You collected 189 gold pieces.
You spent 26 gold pieces at shops.

Inventory:

Hand Weapons
 e - a +2 hand axe of venom (weapon)
 h - a +2 whip of electrocution
 k - a +2 dagger of freezing
 o - a +2 whip of venom
 r - a +1 short sword of flaming
Missiles
 d - 9 tomahawks
 l - 56 bolts
 n - 2 javelins
 p - 34 arrows
 x - 18 poisoned needles (quivered)
Armour
 f - a +0 ring mail (worn)
Jewellery
 b - an uncursed ring of magical power
 s - an amulet of the acrobat (around neck)
Wands
 i - a wand of scattershot (2)
Scrolls
 g - 6 scrolls of remove curse
 j - 3 scrolls of identify
 t - 2 scrolls of magic mapping
Potions
 m - a potion of lignification
 u - a potion of heal wounds
Comestibles
 c - 3 rations


   Skills:
 + Level 5.4 Fighting
   Level 4.3 Long Blades
 + Level 2.9(4.0) Axes
 + Level 4.2(4.7) Maces & Flails
 + Level 2.6 Throwing
 + Level 3.1 Armour
 + Level 4.5 Dodging
 + Level 2.0 Stealth


You had 6 spell levels left.
You didn't know any spells.
Your spell library was empty.

Dungeon Overview and Level Annotations

Branches:
Dungeon (6/15)             Temple (1/1) D:4

Altars:
Cheibriados
Dithmenos
Elyvilon
Gozag
Hepliaklqana
Kikubaaqudgha
Makhleb
Nemelex Xobeh
Okawaru
Qazlal
Ru
Sif Muna
Trog
Vehumet
Wu Jian
Xom
Zin
The Shining One

Shops:
D:4 *   D:5 (


Innate Abilities, Weirdness & Mutations

You reflexively headbutt those who attack you in melee.
You have a pair of horns on your head.
You have a somewhat thin skeletal structure. (Dex +2, Stealth)
You are resistant to hostile enchantments. (MR+)
You evolve.


Message History

The two-headed ogre closely misses you. You furiously retaliate!
You headbutt the two-headed ogre.
The two-headed ogre hits you with a +0 giant club.
The adder skeleton closely misses you. You furiously retaliate!
You headbutt the adder skeleton.
You destroy the adder skeleton!
Trog accepts your kill.
Your Stealth skill increases to level 2!
You barely miss the two-headed ogre. You headbutt the two-headed ogre.
The two-headed ogre is moderately wounded.
The two-headed ogre hits you with a +0 giant spiked club!!
The two-headed ogre hits you with a +0 giant club!
* * * LOW HITPOINT WARNING * * *
An ooze comes into view.
The ooze quivers.
Your skin crawls.
You feel resistant to hostile enchantments.
You feel somewhat more hungry.
The two-headed ogre hits you with a +0 giant spiked club!
You die...

#.# #.# ###.#
...# #(.##
##$J. ##..O##
#...@.#
#..........#
........(......
###.......#.##.
##.....## ..
##....# #.
####.# .#


You could see a two-headed ogre and an ooze.

Vanquished Creatures
  A phantom (D:5)
  A bullfrog (D:5)
  A scorpion (D:5)
  A howler monkey (D:3)
  2 orc priests (D:4)
  4 orc wizards
  2 iguanas
  3 worker ants
  A hound zombie (D:5)
  3 gnolls (D:3)
  4 adders (D:2)
  An adder zombie (D:5)
  2 adder skeletons
  2 worms
  3 dart slugs
  4 leopard geckos
  9 orcs
  4 ball pythons
  A giant cockroach (D:1)
  11 goblins
  8 hobgoblins
  7 jackals (D:3)
  4 kobolds
  A quokka (D:5)
  10 bats
  10 frilled lizards
  A quokka skeleton (D:4)
  9 rats
110 creatures vanquished.

Notes
Turn   | Place    | Note
-------+----------+-------------------------------------------
     0 | D:1      | pipboyy the Minotaur Berserker began the quest for the Orb.
     0 | D:1      | Reached XP level 1. HP: 19/19 MP: 0/0
   397 | D:1      | Reached XP level 2. HP: 24/27 MP: 1/1
   401 | D:1      | Reached skill level 4 in Fighting
   763 | D:1      | Reached ** piety under Trog
  1002 | D:2      | Reached XP level 3. HP: 30/33 MP: 2/2
  1146 | D:2      | Reached skill level 1 in Maces & Flails
  1283 | D:2      | Reached XP level 4. HP: 33/40 MP: 3/3
  1412 | D:2      | Reached skill level 1 in Throwing
  1757 | D:2      | Gained mutation: You evolve. [potion of mutation]
  1757 | D:2      | Gained mutation: You have a somewhat thin skeletal
                  | structure. (Dex +2, Stealth) [potion of mutation]
  1757 | D:2      | Gained mutation: You are resistant to hostile enchantments.
                  | (MR+) [potion of mutation]
  1803 | D:3      | Reached XP level 5. HP: 40/47 MP: 4/4
  1813 | D:3      | Found an ornate altar of the Wu Jian Council.
  1848 | D:3      | Reached *** piety under Trog
  1900 | D:3      | Found a shimmering altar of Xom.
  2149 | D:3      | Found a sparkling altar of Nemelex Xobeh.
  2616 | D:4      | Found a staircase to the Ecumenical Temple.
  2624 | Temple   | Entered the Ecumenical Temple
  2817 | D:4      | Reached skill level 1 in Stealth
  2858 | D:4      | Reached XP level 6. HP: 32/53 MP: 5/5
  3543 | D:4      | Found Qickoc's General Store.
  3552 | D:4      | Bought a scroll of identify for 26 gold pieces
  3721 | D:5      | Entered Level 5 of the Dungeon
  3844 | D:5      | Reached skill level 5 in Fighting
  3844 | D:5      | Reached skill level 1 in Axes
  3875 | D:5      | Reached XP level 7. HP: 55/61 MP: 6/6
  3930 | D:5      | Reached **** piety under Trog
  4354 | D:5      | Found Ifadang's Antique Weapon Shoppe.
  4428 | D:6      | Noticed a two-headed ogre
  4434 | D:6      | Slain by a two-headed ogre

Skill      XL: |  1  2  3  4  5  6  7 |
---------------+----------------------+-----
Fighting       | 4 5 |  5.4
Long Blades    | 4 |  4.3
Dodging        | 3 4 |  4.5
Maces & Flails | 1 2 3 4 |  4.2
Throwing       | 1 2 |  2.6
Stealth        | 1 2 |  2.0
Axes           | 1 2 |  2.9
Armour         | 3 |  3.1

Action                   |  1- 3 |  4- 6 |  7- 9 || total
-------------------------+-------+-------+-------++-------
Melee: Falchion          |    13 |       |       ||    13
       Whip              |    65 |    63 |       ||   128
       Headbutt          |     7 |    24 |     7 ||    38
       Hand axe          |       |    54 |    32 ||    86
Throw: Tomahawk          |    17 |     8 |       ||    25
       Stone             |     3 |     1 |       ||     4
Invok: Berserk           |       |     1 |       ||     1
       Trog's Hand       |       |       |     1 ||     1
  Use: Potion            |     3 |     4 |       ||     7
       Scroll            |       |     9 |     1 ||    10
 Stab: Sleeping          |       |     3 |       ||     3
  Eat: Chunk             |     1 |     5 |     2 ||     8
       Ration            |       |     1 |       ||     1
Armor: Animal skin       |    15 |     8 |       ||    23
       Ring mail         |       |     5 |     8 ||    13
       Leather armour    |       |     1 |       ||     1
Dodge: Dodged            |    59 |    77 |    16 ||   152
       Rpst.: Falchion   |     1 |       |       ||     1
